cohdb
Replays
Latest Replays
All Replays
Popular Replays
Top Player Replays
Match Explorer
How It Works
Community
CoH3 Stats
Reddit
Sign in to upload your games and track your stats! →
Sign in with Steam
Match 45347269
Unlisted
Match 45347269
Overview
Messages
Build Orders
End
Kettenkrad Recon Vehicle
Construct Infanterie Kompanie
Grenadier Squad
Grenadier Squad
MG 42 Machine Gun Team
Grenadier Squad
Construct Luftwaffe Kompanie
Medical Station
Selects Mechanized Battlegroup
221 Scout Car
Selects Raid Package
Flak 30 Anti-aircraft Gun Team
Luftwaffe Officer Quarters
Selects 8 Rad Armored Car
Selects StuG Assault Group
Jäger Squad
StuG Assault Group
Selects UNKNOWN (2160084)
Selects Spotting Scopes
GrW 34 Mortar Team
Pioneer Squad
Construct Panzer Kompanie
Selects Wespe Self-propelled Artillery
Panzer IV Medium Tank
Pioneer Squad
Selects Mechanized Assault
Panzer IV Medium Tank
Mechanized Assault
Jäger Squad
Side Skirts
MG 42 Machine Gun Team
rocketpossum
Clone
0
0
Comments
sign in to comment!
No comments posted yet!